 Dungeon Crawl Stone Soup version 0.23-a0-295-g2e428d4 (webtiles) character file.

212 epen the Slasher (level 5, -6/37 HPs)
             Began as a Demonspawn Chaos Knight on Oct 5, 2018.
             Was a Plaything of Xom.
             Killed by divine providence
             ... invoked by an orc priest
              (12 damage)
             ... on level 3 of the Dungeon.
             The game lasted 00:01:52 (1757 turns).

epen the Slasher (Demonspawn Chaos Knight)          Turns: 1757, Time: 00:01:53

Health: -6/37      AC:  6    Str: 14    XL:     5   Next: 58%
Magic:  5/5        EV: 12    Int: 13    God:    Xom [*.....]
Gold:   119        SH:  0    Dex: 12    Spells: 4/4 levels left

rFire    . . .     SeeInvis .   a - +0 falchion (chaos)
rCold    + . .     Gourm    .   (no shield)
rNeg     . . .     Faith    .   b - +2 leather armour
rPois    .         Spirit   .   (no helmet)
rElec    .         Reflect  .   e - +0 cloak
rCorr    .         Harm     .   (no gloves)
MR       .....     Rnd*Tele +   (no boots)
Stlth    +.........             (no amulet)
HPRegen  0.12/turn              (no ring)
MPRegen  0.09/turn              (no ring)

@: no status effects
A: hooves 1, cold resistance 1, deterioration 2, frail 1, screaming 1, spiny 1,
teleportitis 1
a: Renounce Religion


You were on level 3 of the Dungeon.
You worshipped Xom.
You were a special plaything of Xom.
You were hungry.

You visited 1 branch of the dungeon, and saw 3 of its levels.

You collected 119 gold pieces.

Inventory:

Hand Weapons
 a - a +0 falchion of chaos (weapon)
Armour
 b - a +2 leather armour (worn)
 e - a +0 cloak (worn)
Scrolls
 d - 2 scrolls of remove curse {unknown}
 f - 2 scrolls of immolation {unknown}
 h - a scroll of teleportation {unknown}
 i - a scroll of identify {unknown}
 j - a scroll of noise {unknown}
 m - a scroll of amnesia {unknown}
Potions
 g - 3 potions of curing {unknown}
 k - a potion of resistance {unknown}
Comestibles
 c - 5 rations


   Skills:
 + Level 3.9 Fighting
 * Level 4.2 Long Blades
 + Level 2.8 Armour
 + Level 2.2 Dodging


You had 4 spell levels left.
You didn't know any spells.
Your spell library was empty.

Dungeon Overview and Level Annotations

Branches:
Dungeon (3/15)

Altars:
Gozag
Okawaru
Yredelemnul


Innate Abilities, Weirdness & Mutations

You have large cloven feet.
Your flesh is cold resistant. (rC+)
You are partially covered in sharp spines.
Your body often deteriorates upon taking damage.
You are frail. (-10% HP)
You occasionally shout uncontrollably at your foes.
You are occasionally teleported next to monsters.


Message History

Your kick misses the orc priest.
The orc priest is lightly wounded.
The orc is struck by your spines. The orc hits you but does no damage.
You hit the orc priest but do no damage.
Space warps horribly around the orc priest!
The orc priest is severely wounded.
The orc priest calls upon Beogh to heal the orc.
The orc's wounds heal themselves!
The orc hits you but does no damage.
The orc priest is struck by your spines.
The orc priest hits you with a mace!
* * * LOW HITPOINT WARNING * * *
You closely miss the orc priest.
The orc priest is almost dead.
The orc is struck by your spines. The orc hits you with a club.
* * * LOW HITPOINT WARNING * * *
You barely miss the orc priest.
The orc priest is almost dead.
The orc priest mumbles some strange prayers to Beogh against you.
Beogh smites you!
You die...

#.# #.# #.# #.# #[# ## #
####### #.# ##.#.
....ooo###.####
....###########o@......#
#......<.....#....♣...##
##.#########.#...♣.♣...#
#.# #.#..♣._.♣..# #.#
#.#...♣.♣...# #.#
#.#....♣....# #.#
#.#.........# #.#
##.#.##..#.#.# #.#
#....####...##


You could see an orc priest and 3 orcs.

Vanquished Creatures
  Sigmund (D:2)
  3 adders
  A worm (D:2)
  A dart slug (D:1)
  An orc (D:3)
  6 bats
  7 goblins
  3 hobgoblins
  2 quokkas (D:2)
  2 frilled lizards
  5 kobolds
  4 rats
36 creatures vanquished.

Notes
Turn   | Place    | Note
-------+----------+-------------------------------------------
     0 | D:1      | epen the Demonspawn Chaos Knight began the quest for the
                  | Orb.
     0 | D:1      | Reached XP level 1. HP: 18/18 MP: 1/1
    44 | D:1      | Reached skill level 1 in Dodging
    92 | D:1      | Gained mutation: You are partially covered in sharp spines.
                  | [demonic ancestry]
    92 | D:1      | Reached XP level 2. HP: 24/24 MP: 2/2
   262 | D:1      | Reached skill level 3 in Long Blades
   327 | D:1      | XOM: harmless Hex miscast
   341 | D:1      | XOM: give mutations
   341 | D:1      | Gained mutation: Your body sometimes deteriorates upon
                  | taking damage. [Xom's mischief]
   341 | D:1      | Gained mutation: You are frail. (-10% HP) [Xom's mischief]
   341 | D:1      | Gained mutation: You are resistant to hostile enchantments.
                  | (MR+) [Xom's mischief]
   341 | D:1      | Gained mutation: You occasionally shout uncontrollably at
                  | your foes. [Xom's mischief]
   648 | D:2      | Found an iron altar of Okawaru.
   717 | D:2      | Found an opulent altar of Gozag.
   774 | D:2      | Gained mutation: You have large cloven feet. [demonic
                  | ancestry]
   774 | D:2      | Reached XP level 3. HP: 20/26 MP: 3/3
   853 | D:2      | XOM: give mutations
   853 | D:2      | Lost mutation: You are resistant to hostile enchantments.
                  | (MR+) [Xom's mischief]
   853 | D:2      | Gained mutation: Your body often deteriorates upon taking
                  | damage. [Xom's mischief]
   853 | D:2      | Gained mutation: You are occasionally teleported next to
                  | monsters. [Xom's mischief]
  1330 | D:2      | Noticed Sigmund
  1338 | D:2      | Killed Sigmund
  1338 | D:2      | Reached skill level 4 in Long Blades
  1338 | D:2      | Reached XP level 4. HP: 27/33 MP: 4/4
  1338 | D:2      | Gained mutation: Your flesh is cold resistant. (rC+)
                  | [demonic ancestry]
  1338 | D:2      | Reached XP level 5. HP: 30/37 MP: 5/5
  1425 | D:2      | Found a basalt altar of Yredelemnul.
  1730 | D:3      | Found a faded altar of an unknown god.
  1757 | D:3      | Killed from afar by an orc priest

Vault maps used:
D:1:      lightli_arrival_maybe_door_vault
D:2:      lemuel_round_altar, old_standard_altar, yredelemnul_altar_generic,
          uniq_sigmund
D:3:      chequers_ecumenical_altar_simple_redux

Skill      XL: |  1  2  3 |
---------------+----------+-----
Dodging        | 1 2 |  2.2
Long Blades    | 3 4 |  4.2
Armour         | 2 |  2.8
Fighting       | |  3.9

Action                   |  1- 3 |  4- 6 || total
-------------------------+-------+-------++-------
Melee: Falchion          |    52 |    17 ||    69
       Kick              |     5 |     3 ||     8
 Stab: Sleeping          |     1 |       ||     1
  Eat: Chunk             |     1 |     1 ||     2
Armor: Leather armour    |    18 |     2 ||    20
Dodge: Dodged            |    42 |     8 ||    50
       Rpst.: Falchion   |    20 |     1 ||    21

Table legend:
 A = Non-vault XP
 B = Vault XP
 C = Vault XP percentage of total XP
 D = Non-vault monster count
 E = Vault monster count
 F = Vault count percentage of total count
                 A         B        C        D         E       F
            +---------+---------+-------+---------+---------+-------
      Total |      95 |     208 |  68.6 |      35 |       1 |   2.8
            +---------+---------+-------+---------+---------+-------
        D:1 |      25 |       0 |   0.0 |      15 |       0 |   0.0
        D:2 |      54 |     208 |  79.4 |      18 |       1 |   5.3
        D:3 |      16 |       0 |   0.0 |       2 |       0 |   0.0
            +---------+---------+-------+---------+---------+-------
